 Dungeon Crawl Stone Soup version 0.30-a0-1094-g860fb061e7 (webtiles) character file.

Game seed: 17065610900002832016

511242 LustLizard the Pyromancer (level 23, -19/127 HPs)
             Began as a Deep Elf Air Elementalist on Apr 17, 2023.
             Was the Champion of Hepliaklqana.
             Demolished by a vault warden
             ... wielding the +3 rapier of Xiteirche {freeze, Dex+3}
              (25 damage)
             ... on level 5 of the Vaults on Apr 18, 2023.
             The game lasted 03:45:47 (100528 turns).

LustLizard the Pyromancer (DEAE)                  Turns: 100528, Time: 03:45:47

Health: -19/127    AC: 17    Str:  9    XL:     23   Next: 93%
Magic:  6/51       EV: 23    Int: 30    God:    Hepliaklqana [******]
Gold:   3293       SH: 10    Dex: 17    Spells: 16/49 levels left

rFire   . . .      SeeInvis +    M - +9 staff of Olgreb {rPois∞}
rCold   + . .      Faith    .    O - +3 buckler {rC+}
rNeg    . . .      Spirit   .    B - +2 acid dragon scales
rPois   ∞          Reflect  .    J - +2 helmet {SInv}
rElec   +          Rampage  +    W - +3 cloak of Analysis {Rampage Str+2}
rCorr   +                        Z - +2 pair of gloves "Qopni" {rElec Dex+2}
Will    +++..                    y - +2 pair of slick slippers {slick, slippery, EV+4}
Stlth   ++++                     L - amulet "Qezog" {Will+ Regen+}
HPRegen 1.21/turn                b - ring of magical power
MPRegen 0.32/turn                o - ring of wizardry

@: about to teleport, studying 2 skills
A: reduced essence, deformed body, wild magic 1
}: 3/15 runes: barnacled, slimy, gossamer
a: Renounce Religion, Evoke the Staff of Olgreb, Recall Ancestor, Ancestor
Identity, Transference, Idealise


You were on level 5 of the Vaults.
You worshipped Hepliaklqana.
Hepliaklqana was exalted by your worship.
You visited 10 branches of the dungeon, and saw 48 of its levels.
You also visited: Bailey, Gauntlet and Desolation.

You collected 7974 gold pieces.
You spent 4681 gold pieces at shops.

Inventory:

Hand Weapons
 M - the +9 staff of Olgreb (weapon) {rPois∞}
   (You acquired it in a bailey)

   It enhances your poison magic.
   It grants immunity to poison.
   It can be activated via the 'a'bility menu to radiate toxic energy, with
   effectiveness depending on Evocations skill.
Armour
 v - +0 storm dragon scales
 y - the +2 pair of slick slippers (worn) {slick, slippery, EV+4}
   (You bought it in a shop on level 4 of the Dungeon)

   Slick:     Its wearer cannot be constricted, engulfed, netted or webbed.
   Slippery:  Its wearer slips away from damaging melee attacks, pulling the
   attacker onward.
   EV:        It affects your evasion (+4).
 B - +2 acid dragon scales (worn)
 J - a +2 helmet of see invisible (worn)
 O - a +3 buckler of cold resistance (worn)
 W - the +3 cloak of Analysis (worn) {Rampage Str+2}
   (You acquired it on level 12 of the Dungeon)

   Str:       It affects your strength (+2).
   Rampage:   It bestows one free step when moving towards enemies.
 Z - the +2 pair of gloves "Qopni" (worn) {rElec Dex+2}
   (You found it in a Gauntlet)

   Dex:       It affects your dexterity (+2).
   rElec:     It insulates you from electricity.
Magical Staves
 G - the staff of poison "Denecel" {rElec rPois rF+++ Dex-2 Stlth-}
   (You found it on level 5 of the Pits of Slime)

   [staff of poison]

   Base accuracy: +5 Base damage: 5 Base attack delay: 1.2 This weapon's minimum
   attack delay (0.6) is reached at skill level 12.
   Dex:       It affects your dexterity (-2).
   rF:        It renders you almost immune to fire.
   rElec:     It insulates you from electricity.
   rPois:     It protects you from poison.
   Stlth:     It makes you less stealthy.
   It falls into the 'Staves' category.
   It is a one-handed weapon.
Jewellery
 b - a ring of magical power (left hand)
 l - the ring "Synietyc" {rPois Will+ MP+9}
   (You found it on level 5 of the Pits of Slime)

   [ring of magical power]

   rPois:     It protects you from poison.
   MP:        It affects your magic capacity (+9).
   Will:      It increases your willpower.
 o - a ring of wizardry (right hand)
 q - the ring of Satyriasis {rN+ MP+9 Slay+2}
   (You found it on level 5 of the Lair of Beasts)

   [ring of positive energy]

   Slay:      It affects your accuracy & damage with ranged weapons and melee
   (+2).
   rN:        It protects you from negative energy.
   MP:        It affects your magic capacity (+9).
 t - an amulet of magic regeneration
 A - the amulet "Lupod" {Reflect rC+ Dex+3 SH+5}
   (You took it off a deep elf blademaster on level 3 of the Elven Halls)

   [amulet of reflection]

   It reflects blocked missile attacks.
   Dex:       It affects your dexterity (+3).
   rC:        It protects you from cold.
   SH:        It affects your SH (+5).
 F - the ring "Noemed" {rPois SInv}
   (You took it off a deep elf annihilator on level 3 of the Elven Halls)

   [ring of see invisible]

   rPois:     It protects you from poison.
   SInv:      It lets you see invisible.
 I - a ring of flight
 L - the amulet "Qezog" (around neck) {Will+ Regen+}
   (You found it on level 5 of the Pits of Slime)

   [amulet of regeneration]

   Regen:     It increases your rate of health regeneration.
   Will:      It increases your willpower.
 P - a ring of protection from fire
 V - a ring of positive energy
Wands
 u - a wand of polymorph (24)
 x - a wand of acid (18) (quivered)
 H - a wand of digging (23)
 N - a wand of paralysis (27)
 R - a wand of flame (78)
 X - a wand of mindburst (37)
 Y - a wand of iceblast (51)
Scrolls
 a - 4 scrolls of fog
 e - 9 scrolls of amnesia
 g - 10 scrolls of teleportation
 h - 8 scrolls of magic mapping
 r - 4 scrolls of enchant armour
 K - 5 scrolls of poison
 S - 5 scrolls of immolation
Potions
 c - 12 potions of ambrosia
 d - 5 potions of curing
 i - 6 potions of berserk rage
 j - 7 potions of mutation
 k - 5 potions of resistance
 m - 3 potions of invisibility
 n - 7 potions of might
 p - 4 potions of haste
 s - 10 potions of flight
 w - 3 potions of cancellation
 E - 10 potions of brilliance
 T - 2 potions of magic
Miscellaneous
 f - a box of beasts (inert)
 C - a lightning rod (4/4)
 D - a phantom mirror (inert)


   Skills:
 - Level 14.0 Fighting
 + Level 16.0 Dodging
 - Level 7.7 Stealth
 - Level 11.1 Shields
 + Level 13.6 Spellcasting
 - Level 7.0 Conjurations
 - Level 8.7 Hexes
 - Level 8.6 Summonings
 - Level 8.8 Translocations
 * Level 23.2 Fire Magic
 - Level 7.2 Ice Magic
 + Level 18.3 Air Magic
 - Level 14.0 Invocations
 - Level 14.0 Evocations


You had 16 spell levels left.
You knew the following spells:

 Your Spells              Type           Power      Damage    Failure   Level
a - Shock                 Conj/Air       100%       1d9       1%          1
b - Static Discharge      Conj/Air       100%       2-7/arc   1%          2
c - Swiftness             Air            100%       N/A       1%          3
d - Airstrike             Air            53%        2d(8-24)  1%          4
e - Metabolic Englaciati  Hex/Ice        36%        N/A       3%          5
f - Plasma Beam           Fire/Air       56%        2x1d78    1%          6
g - Summon Forest         Summ/Tloc      38%        N/A       2%          5
h - Blink                 Tloc           100%       N/A       1%          2
i - Fireball              Conj/Fire      49%        3d19      1%          5

Your spell library contained the following spells:

 Spells                   Type           Power      Damage    Failure   Level
 Apportation              Tloc           100%       N/A       1%          1
 Foxfire                  Conj/Fire      100%       2x1d9     1%          1
 Kiss of Death            Conj/Necr      100%       2d13      1%          1
 Magic Dart               Conj           100%       1d8       1%          1
 Summon Small Mammal      Summ           100%       N/A       1%          1
 Ensorcelled Hibernation  Hex/Ice        100%       N/A       1%          2
 Lesser Beckoning         Tloc           100%       N/A       1%          2
 Momentum Strike          Conj/Tloc      100%       3d10      1%          2
 Poisonous Vapours        Pois/Air       100%       N/A       1%          2
 Scorch                   Fire           100%       2d9       1%          2
 Searing Ray              Conj           100%       2d8       1%          2
 Call Canine Familiar     Summ           76%        N/A       1%          3
 Confusing Touch          Hex            76%        N/A       1%          3
 Gell's Gravitas          Tloc           76%        N/A       1%          3
 Inner Flame              Hex/Fire       100%       N/A       1%          3
 Mephitic Cloud           Conj/Pois/Air  95%        N/A       1%          3
 Ozocubu's Armour         Ice            70%        N/A       1%          3
 Portal Projectile        Hex/Tloc       100%       N/A       1%          3
 Teleport Other           Tloc           76%        N/A       1%          3
 Vhi's Electric Charge    Tloc/Air       100%       N/A       1%          3
 Volatile Blastmotes      Fire/Tloc      100%       2d18      1%          3
 Flame Wave               Conj/Fire      98%        2d20      1%          4
 Fulminant Prism          Conj/Hex       36%        3d17      1%          4
 Iskenderun's Mystic Bla  Conj/Tloc      73%        2d15      1%          4
 Passage of Golubria      Tloc           76%        N/A       1%          4
 Summon Ice Beast         Ice/Summ       73%        N/A       1%          4
 Summon Lightning Spire   Summ/Air       93%        N/A       1%          4
 Arcjolt                  Conj/Air       45%        1d55      1%          5
 Silence                  Hex/Air        46%        N/A       1%          5
 Starburst                Conj/Fire      49%        6d13      1%          6
 Ignition                 Fire           59%        3d16      1%          8
 Stone Arrow              Conj/Erth      100%       3d13      2%          3
 Summon Mana Viper        Hex/Summ       76%        N/A       2%          5
 Conjure Ball Lightning   Conj/Air       45%        3x3d16    2%          6
 Necrotise                Necr           100%       1d9       3%          1
 Sting                    Tmut/Pois      100%       1d8       3%          1
 Passwall                 Tmut/Erth      21%        N/A       4%          2
 Wereblood                Tmut           26%        N/A       4%          2
 Animate Armour           Summ/Erth      100%       N/A       5%          4
 Leda's Liquefaction      Hex/Erth       28%        N/A       5%          4
 Vampiric Draining        Necr           26%        2d7       9%          3
 Maxwell's Capacitive Co  Air            53%        ∞         11%         8
 Yara's Violent Unravell  Hex/Tmut       28%        3d12      12%         5
 Dispersal                Tloc           38%        N/A       12%         6
 Summon Cactus Giant      Summ           38%        N/A       12%         6
 Irradiate                Conj/Tmut      26%        3d20      17%         5
 Dispel Undead            Necr           26%        3d13      26%         4
 Olgreb's Toxic Radiance  Pois           39%        N/A       26%         4
 Storm Form               Tmut/Air       39%        N/A       43%         7
 Enfeeble                 Hex            38%        N/A       47%         7
 Monstrous Menagerie      Summ           38%        N/A       47%         7
 Summon Hydra             Summ           38%        N/A       47%         7
 Agony                    Necr           26%        N/A       52%         5
 Alistair's Intoxication  Tmut/Pois      26%        N/A       52%         5
 Blade Hands              Tmut           13%        N/A       52%         5
 Borgnjor's Vile Clutch   Necr/Erth      13%        N/A       52%         5
 Lee's Rapid Deconstruct  Erth           13%        3d9*      52%         5
 Simulacrum               Ice/Necr       26%        N/A       58%         6
 Ozocubu's Refrigeration  Ice            35%        4d15      67%         7
 Eringya's Noxious Bog    Tmut/Pois      19%        N/A       96%         6
 Statue Form              Tmut/Erth      17%        N/A       96%         6
 Dragon Form              Tmut           13%        N/A       100%        7
 Lehudib's Crystal Spear  Conj/Erth      26%        10d7      100%        8
 Necromutation            Tmut/Necr      13%        N/A       100%        8


Dungeon Overview and Level Annotations

Branches:
Dungeon (15/15)            Temple (1/1) D:4            Lair (5/5) D:8
 Shoals (4/4) Lair:3       Spider (4/4) Lair:3        Slime (5/5) Lair:5
    Orc (2/2) D:12            Elf (3/3) Orc:2        Vaults (4/5) D:14
  Crypt (0/3) Vaults:3     Depths (4/4) D:15            Zot (0/5) Depths:4
 Bailey (visited)         Desolation (visited)      Gauntlet (visited)

Altars:
Ashenzari
Cheibriados
Dithmenos
Elyvilon
Fedhas
Gozag
Hepliaklqana
Kikubaaqudgha
Makhleb
Nemelex Xobeh
Okawaru
Qazlal
Ru
Sif Muna
Trog
Uskayaw
Vehumet
Wu Jian
Xom
Yredelemnul
Zin
The Shining One

Shops:
D:4 [   D:8 =   D:10 :   D:14 !*   Orc:1 *   Orc:2 !?([   Elf:1 ?   Elf:3 =
Shoals:2 (   Shoals:4 !   Vaults:1 (   Vaults:2 **:*   Vaults:3 [   Depths:2 *
Depths:4 [[*

Portals:
Hell: Depths:1 Depths:2 Depths:4
Abyss: Depths:3
Pandemonium: Depths:2
Ziggurat: Depths:4
Trove: D:13 (give +3 storm dragon scales)

Annotations:
Depths:3 1 runed translucent door


Innate Abilities, Weirdness & Mutations

Your life essence is reduced to manifest your ancestor. (-10% HP)
Armour fits poorly on your strangely shaped body.
Your spells are a little harder to cast, but a little more powerful.


Message History

You slip backwards!
The storm dragon barely misses you.
The storm dragon claws you but does no damage.
The storm dragon tramples you.
You slip backwards!
Unknown command.
You hit the storm dragon.
The storm dragon is almost dead.
The storm dragon bites you!
You slip backwards!
The vault warden hits you with the +3 rapier of Xiteirche {freeze, Dex+3}!!
* * * LOW HITPOINT WARNING * * *
The vault warden freezes you.
* * * LOW HITPOINT WARNING * * *
You closely miss the storm dragon.
The storm dragon is almost dead.
The storm dragon bites you but does no damage.
You block the storm dragon's attack. The storm dragon completely misses you.
The vault warden activates a sealing rune.
The storm dragon bites you.
* * * LOW HITPOINT WARNING * * *
You block the storm dragon's attack. The storm dragon misses you.
You hit the storm dragon but do no damage.
You envenom the storm dragon.
The storm dragon looks as sick as possible!
The storm dragon is almost dead.
You kill the storm dragon!
The vault warden hits you with the +3 rapier of Xiteirche {freeze, Dex+3}!
* * * LOW HITPOINT WARNING * * *
You slip backwards!
The vault warden freezes you.
* * * LOW HITPOINT WARNING * * *
You block the vault warden's attack.
Okay, then.
Okay, then.
You feel better.
The vault warden hits you with the +3 rapier of Xiteirche {freeze, Dex+3}!
* * * LOW HITPOINT WARNING * * *
You slip backwards!
The vault warden freezes you.
* * * LOW HITPOINT WARNING * * *
As you read the scroll of teleportation, it crumbles to dust.
You feel strangely unstable.
The vault warden hits you with the +3 rapier of Xiteirche {freeze, Dex+3}!!
You die...

............c... ......#
...##'##..##+##..# #...#..#
#...#.. #..# #..# #...#..#
#...#. #..# #..# #.).#..#
#...#####?.#####..#####...#..#
#....................).C..#..#
C............................#
..#######################)...#
...............p@C.....))...C#
C....................)))...).#
##############################


You could see a vault warden and an ettin.

Vanquished Creatures
  the Royal Jelly (Slime:5)
  A dread lich (Vaults:5)
  Saint Roka (Orc:2)
  4 caustic shrikes
  A bone dragon (Depths:4)
  2 golden dragons
  Rupert (D:14)
  A lich (Depths:2)
  8 acid blobs
  The ghost of zazu2006 the Unseen, an adept NaHW of Vehumet (Spider:3)
  A titan (Depths:4)
  A deep elf blademaster (Elf:2)
  2 deep elf master archers (Elf:3)
  A sphinx (Vaults:4)
  Gastronok (D:11)
  A kraken (Shoals:1)
  2 storm dragons (Vaults:5)
  Kirke (D:15)
  2 tengu reavers
  Ilsuiw (Shoals:3)
  3 azure jellies (Slime:5)
  4 fire giants
  6 rockslimes (Slime:5)
  11 deep elf sorcerers
  An iron dragon (shapeshifter) (Vaults:4)
  An iron dragon (Depths:4)
  2 ghost moths (Spider:2)
  4 frost giants
  6 vault wardens
  An emperor scorpion (Spider:1)
  3 deep elf elementalists (Elf:3)
  An orc warlord (Orc:1)
  A draconian stormcaller (Depths:4)
  A quicksilver ooze (shapeshifter) (Depths:2)
  9 quicksilver oozes
  A spriggan defender (Depths:2)
  4 broodmothers (Spider:4)
  13 very ugly things
  6 ironbound preservers
  7 stone giants
  2 war gargoyles (Vaults:5)
  9 ironbound thunderhulks
  4 deep elf annihilators (Elf:3)
  3 deep elf demonologists
  A minotaur (Lair:1)
  5 vampire knights
  4 dire elephants
  2 white draconians (Depths:4)
  5 spark wasps
  A yellow draconian (Depths:4)
  3 merfolk javelineers (Shoals:4)
  A crystal guardian (Vaults:3)
  6 deep elf death magi
  4 ettins
  3 fire dragons
  4 entropy weavers
  11 yaktaur captains
  9 great orbs of eyes
  6 merfolk impalers
  9 deep elf high priests
  2 jiangshi (Depths:2)
  4 rakshasas
  21 vault guards
  7 ice dragons
  2 death knights (D:14)
  2 jorogumos
  4 merfolk avatars
  2 peacekeepers
  2 hydras
  6 ogre magi
  3 radroaches (Spider:2)
  5 centaur warriors
  3 spriggan air magi
  7 ironbound frosthearts
  A merfolk aquamancer (Shoals:4)
  2 alligator snapping turtles
  16 dancing weapons
  16 two-headed ogres
  3 boulder beetles
  6 deep troll earth magi
  A satyr (Shoals:3)
  7 deep troll shamans
  3 tengu warriors
  8 death yaks
  5 spriggan berserkers
  2 orc high priests
  6 hell knights
  Sonja (Lair:4)
  7 deep elf knights
  A wretched star (Gauntlet)
  A sixfirhy (D:13)
  5 skysharks
  5 iron trolls
  A spectral death yak (Lair:5)
  A salamander mystic (Depths:2)
  24 deep trolls
  4 pharaoh ants
  7 sea snakes
  2 glowing orange brains (Depths:1)
  8 orb spiders
  7 lindwurms
  A spectral anaconda (Lair:5)
  4 wizards
  7 deep elf archers
  16 ironbound convokers
  3 phantasmal warriors
  6 harpies
  5 steelbarb worms
  19 deep elf zephyrmancers
  4 orc sorcerers
  6 shining eyes
  24 deep elf pyromancers
  17 ugly things
  3 orc knights
  9 necromancers
  11 wolf spiders
  A manticore (shapeshifter) (D:15)
  4 fauns
  3 salamanders (Depths:2)
  6 cyclopes
  2 moths of wrath
  10 manticores
  3 black mambas
  8 merfolk sirens
  6 demonic crawlers
  A guardian serpent (Desolation)
  7 elephants
  A naga mage (D:15)
  15 vault sentinels
  A gargoyle (D:11)
  3 eyes of devastation (Slime:5)
  A centaur skeleton (D:15)
  8 cane toads
  A torpor snail (Spider:2)
  Psyche (D:11)
  A water nymph (shapeshifter) (Elf:3)
  5 water nymphs
  3 kobold demonologists
  8 yaktaurs
  2 unseen horrors
  A freezing wraith (D:15)
  8 komodo dragons
  3 rime drakes (Lair:5)
  2 tengu conjurers
  2 guardian mummies (Depths:2)
  4 trolls
  A hornet (shapeshifter) (D:13)
  12 merfolk
  9 wind drakes
  3 hornets
  7 polar bears
  2 meliai (Spider:4)
  A tarantella (shapeshifter) (D:14)
  4 saltlings
  21 tarantellas
  7 blink frogs
  5 snapping turtles
  8 dream sheep
  50 slime creatures
  2 spectral elephants (Lair:5)
  20 culicivoras
  18 jumping spiders
  9 water elementals
  An ettin skeleton (Vaults:4)
  2 air elementals
  A centaur simulacrum (D:15)
  2 shadows
  30 yaks
  3 wyverns
  3 wraiths
  3 basilisks
  2 hogs (D:15)
  2 fire elementals (Elf:3)
  2 golden eyes (Slime:3)
  27 redbacks
  4 vampire mosquitoes
  A steam dragon (D:10)
  2 death yak simulacra (Lair:5)
  A spectral cane toad (Lair:5)
  A warg (Orc:1)
  2 acid dragons
  A water moccasin (shapeshifter) (D:14)
  8 water moccasins
  A floating eye (Depths:1)
  26 orc warriors
  3 ice beasts
  7 black bears
  2 elephant zombies (Lair:5)
  26 ogres
  21 centaurs
  11 wolves
  2 phantoms
  An elephant skeleton (Lair:5)
  A small abomination (Gauntlet)
  4 kobold brigands
  13 bullfrogs
  4 scorpions
  5 gnoll sergeants
  An earth elemental (Elf:3)
  8 wights
  16 killer bees
  3 electric eels
  A howler monkey (D:8)
  4 jellies
  14 orc priests
  3 gnoll boudas
  4 hounds (D:5)
  A sleepcap (D:5)
  Terence (D:3)
  7 iguanas
  11 orc wizards
  3 mummies (Depths:2)
  19 gnolls
  8 adders
  3 white imps
  An ufetubus (D:5)
  2 worms (D:2)
  3 dart slugs
  67 orcs
  7 endoplasms
  4 giant cockroaches
  13 goblins
  9 hobgoblins
  7 jackals
  5 kobolds
  7 quokkas
  5 ball pythons
  3 bats
  4 frilled lizards
  4 rats
  A tentacle (Shoals:1)
1340 creatures vanquished.

Vanquished Creatures (collateral kills)
  A dread lich (Vaults:5)
  An ancient lich (Vaults:5)
  A caustic shrike (Depths:4)
  The ghost of Dedet the Slayer, a veteran GrRe of Okawaru (Depths:1)
  A golden dragon (Depths:4)
  A lich (Depths:1)
  2 deep elf blademasters (Elf:3)
  A tentacled monstrosity (Depths:1)
  12 acid blobs
  2 sphinxes
  2 tengu reavers
  2 storm dragons (Depths:1)
  Agnes (Elf:2)
  A shadow dragon (Depths:3)
  4 rockslimes
  An emperor scorpion (Spider:4)
  7 azure jellies
  A ghost moth (Spider:4)
  2 fire giants
  A draconian shifter (Depths:4)
  3 frost giants
  5 vault wardens
  A war gargoyle (Vaults:3)
  5 ironbound preservers
  3 broodmothers
  4 quicksilver oozes
  A draconian stormcaller (Depths:4)
  3 stone giants
  2 ironbound thunderhulks (Vaults:2)
  5 very ugly things
  2 vampire knights (Depths:3)
  2 green draconians (Depths:4)
  A white draconian (Depths:4)
  2 spark wasps (Depths:2)
  7 ettins
  3 deep elf death magi
  Josephine (Orc:1)
  6 fire dragons
  4 merfolk impalers
  A ragged hierophant (Desolation)
  A merfolk javelineer (Shoals:4)
  A jiangshi (Depths:2)
  3 yaktaur captains
  5 great orbs of eyes
  2 ice dragons
  3 spriggan air magi
  3 entropy weavers
  Fannar (Lair:3)
  2 peacekeepers (Vaults:3)
  A servant of whispers (Desolation)
  A quicksilver dragon skeleton (Vaults:4)
  A vault guard (Vaults:5)
  Erolcha (D:11)
  2 jorogumos (Spider:2)
  An ogre mage (Orc:2)
  2 hydras
  A death knight (D:15)
  An alligator snapping turtle (Shoals:4)
  2 merfolk aquamancers (Shoals:4)
  5 centaur warriors
  2 boulder beetles
  5 ironbound frosthearts
  8 death yaks
  6 dancing weapons (Elf:2)
  2 deep troll shamans
  A deep troll earth mage (Depths:4)
  A satyr (Shoals:4)
  5 two-headed ogres
  A vampire mage (Depths:2)
  4 spriggan berserkers
  2 skysharks (Shoals:2)
  A wretched star (Gauntlet)
  4 deep elf knights
  5 hell knights
  7 iron trolls
  A salamander mystic (Depths:2)
  3 pharaoh ants
  5 sea snakes
  A sun moth (Spider:3)
  A flayed ghost (Depths:3)
  4 orb spiders
  3 deep elf archers (Elf:2)
  22 deep trolls
  3 glowing orange brains
  A wizard (Vaults:2)
  7 harpies
  An obsidian statue (Lair:5)
  A lindwurm (Vaults:2)
  2 necromancers (Vaults:3)
  8 deep elf zephyrmancers
  2 phantasmal warriors
  A harpy (shapeshifter) (D:13)
  5 ironbound convokers
  10 deep elf pyromancers
  2 orc knights
  4 steelbarb worms
  2 ugly things
  A stone giant zombie (Vaults:4)
  3 fauns
  5 wolf spiders
  An orc sorcerer (Orc:1)
  2 moths of wrath
  2 salamanders (Depths:2)
  3 manticores
  2 human skeletons
  6 vault sentinels
  A black mamba (Lair:5)
  A merfolk siren (Shoals:3)
  2 elephants (Lair:5)
  2 water nymphs
  65 slime creatures
  A demonic crawler (Spider:2)
  A fire giant skeleton (Vaults:3)
  2 centaur zombies (D:15)
  4 torpor snails
  A yaktaur zombie (Vaults:3)
  A hellion (Spider:4)
  3 cane toads
  A kobold demonologist (D:11)
  A centaur skeleton (D:15)
  2 komodo dragons
  7 yaktaurs
  An unseen horror (D:10)
  A tengu conjurer (Depths:2)
  2 guardian mummies (Depths:2)
  A golden dragon simulacrum (Vaults:4)
  2 trolls
  A meliai (Spider:4)
  4 polar bears
  15 merfolk
  A hornet (Depths:4)
  An ettin zombie (Vaults:3)
  5 tarantellas
  2 blink frogs
  6 saltlings
  3 wind drakes
  2 dream sheep (Lair:3)
  14 jumping spiders
  A snapping turtle (Shoals:4)
  A vampire (D:13)
  An ettin skeleton (Vaults:3)
  8 culicivoras
  6 water elementals
  A spriggan (Depths:4)
  4 wraiths
  A hog (D:15)
  3 basilisks
  28 yaks
  A fire elemental (Elf:2)
  A neqoxec (Gauntlet)
  17 redbacks
  2 vampire mosquitoes (D:12)
  A warg (Vaults:5)
  A glowing shapeshifter zombie (Vaults:3)
  2 water moccasins
  6 orc warriors
  An ettin simulacrum (Vaults:3)
  3 black bears
  A human zombie (Vaults:3)
  5 ogres
  5 wolves
  An elephant skeleton (Lair:5)
  6 centaurs
  2 bullfrogs (Lair:2)
  A small abomination (Gauntlet)
  2 killer bees
  5 orc priests
  2 orc wizards
  A mummy (Depths:2)
  A gnoll (D:9)
  15 orcs
605 creatures vanquished.

Vanquished Creatures (others)
  A human (D:15)
  2 ancestors (D:9)
  75 battlemagi
  2 demonic plants (Gauntlet)
  26 fungi
  134 plants
  A snaplasher vine (Shoals:3)
  3 tentacles (Shoals:1)
  30 withered plants (Lair:5)
274 creatures vanquished.

Grand Total: 2219 creatures vanquished

Notes
Turn   | Place    | Note
-------+----------+-------------------------------------------
     0 | D:1      | LustLizard the Deep Elf Air Elementalist began the quest
                  | for the Orb.
     0 | D:1      | Reached XP level 1. HP: 10/10 MP: 6/6
   223 | D:1      | Reached XP level 2. HP: 15/15 MP: 6/8
   824 | D:1      | Learned a level 2 spell: Static Discharge
   942 | D:2      | Reached XP level 3. HP: 8/20 MP: 0/9
  1633 | D:2      | HP: 1/20 [poisoned by an adder]
  2078 | D:2      | Reached XP level 4. HP: 24/24 MP: 2/11
  2082 | D:2      | Learned a level 3 spell: Swiftness
  2295 | D:3      | Noticed Terence
  2299 | D:3      | Killed Terence
  2300 | D:3      | Reached skill level 1 in Fighting
  2549 | D:3      | Reached XP level 5. HP: 29/29 MP: 4/12
  3728 | D:4      | Noticed a black bear
  3735 | D:4      | Learned a level 4 spell: Airstrike
  3917 | D:4      | Killed a black bear
  3918 | D:4      | Reached XP level 6. HP: 34/34 MP: 2/14
  4008 | D:4      | Found a sparkling altar of Nemelex Xobeh.
  4036 | D:4      | Found Figelinwoa's Armour Emporium.
  4223 | D:4      | You fall into a shaft and drop 1 floor!
  4223 | D:5      | Entered Level 5 of the Dungeon
  4348 | D:5      | Reached skill level 5 in Air Magic
  4466 | D:5      | Reached XP level 7. HP: 40/40 MP: 10/15
  4903 | D:4      | Found a staircase to the Ecumenical Temple.
  4918 | Temple   | Entered the Ecumenical Temple
  5294 | D:5      | Learned a level 5 spell: Metabolic Englaciation
  5392 | D:5      | Reached skill level 5 in Spellcasting
  5610 | D:5      | Reached skill level 5 in Conjurations
  5610 | D:5      | Reached skill level 1 in Hexes
  5675 | D:5      | Found a large runed translucent door.
  5676 | D:5      | Found a large runed translucent door.
  5755 | D:5      | Reached skill level 1 in Ice Magic
  5829 | D:5      | Reached skill level 5 in Stealth
  5829 | D:5      | Reached XP level 8. HP: 45/45 MP: 6/17
  6428 | D:5      | Found a glowing silver altar of Zin.
  6431 | D:5      | Found a snail-covered altar of Cheibriados.
  6770 | D:6      | Found a shadowy altar of Dithmenos.
  7007 | D:6      | Found a burning altar of Makhleb.
  8293 | D:6      | Reached XP level 9. HP: 51/51 MP: 5/20
  8788 | D:6      | Reached skill level 5 in Hexes
  9117 | D:7      | Found a flagged portal.
  9196 | Bailey   | Entered a bailey
  9984 | Bailey   | Reached skill level 5 in Ice Magic
 11203 | Bailey   | Reached XP level 10. HP: 56/56 MP: 17/22
 11312 | Bailey   | Acquired the +9 staff of Olgreb {rPois∞}
 11312 | Bailey   | Found the +9 staff of Olgreb {rPois∞}
 11639 | D:7      | Found a glowing golden altar of the Shining One.
 11640 | D:7      | Found a shimmering blue altar of Sif Muna.
 11909 | D:7      | Found a hazy altar of Hepliaklqana.
 11911 | D:7      | Found an opulent altar of Gozag.
 11915 | D:7      | Found a white marble altar of Elyvilon.
 11915 | D:7      | Found a white marble altar of Elyvilon.
 11921 | D:7      | Became a worshipper of Hepliaklqana the Forgotten
 12231 | D:7      | Noticed a boulder beetle
 12545 | D:7      | Noticed a cyan ugly thing
 12768 | D:7      | Noticed a green ugly thing
 13382 | D:7      | Killed a cyan ugly thing
 13797 | D:7      | Killed a boulder beetle
 13941 | D:7      | Got the Encyclopedia of the Puissant Tropics
 13949 | D:7      | Learned a level 6 spell: Plasma Beam
 13957 | D:7      | Got Viptew's Teachings on the Black Widow and Shapes
 13962 | D:7      | Reached skill level 1 in Fire Magic
 14556 | D:7      | Killed a cyan ugly thing
 14658 | D:8      | Found Cefaix's Jewellery Shoppe.
 14763 | D:8      | Reached skill level 2 in Fire Magic
 15041 | D:8      | Reached skill level 1 in Shields
 15053 | D:8      | Reached XP level 11. HP: 11/62 MP: 7/25
 15358 | D:8      | Found a staircase to the Lair.
 15367 | D:8      | Reached * piety under Hepliaklqana
 16312 | D:9      | Noticed a two-headed ogre
 16462 | D:9      | Found a radiant altar of Vehumet.
 16548 | D:9      | Found a hazy altar of Hepliaklqana.
 16550 | D:9      | Found a hide-covered altar of Uskayaw.
 16551 | D:9      | Found an opulent altar of Gozag.
 16603 | D:9      | Found an ancient bone altar of Kikubaaqudgha.
 16839 | D:9      | Reached skill level 3 in Fire Magic
 17513 | D:9      | Noticed a two-headed ogre
 17517 | D:9      | Killed a two-headed ogre
 17518 | D:9      | Reached skill level 5 in Fighting
 17808 | D:9      | Killed a two-headed ogre
 17809 | D:9      | Reached skill level 4 in Fire Magic
 18085 | D:10     | Entered Level 10 of the Dungeon
 18095 | D:10     | Reached ** piety under Hepliaklqana
 18096 | D:10     | Remembered your ancestor Sagil-Zimu as a battlemage
 18890 | D:10     | Found Talukom's Self-Improvement Boutique.
 19306 | D:11     | Reached skill level 5 in Fire Magic
 19473 | D:11     | Noticed a sun demon
 19844 | D:11     | Reached skill level 5 in Dodging
 19972 | D:11     | Noticed Erolcha
 19978 | D:11     | Killed Erolcha
 19979 | D:11     | Reached skill level 6 in Fire Magic
 20066 | D:11     | Noticed Psyche
 20070 | D:11     | Killed Psyche
 20266 | D:11     | Noticed Gastronok
 20277 | D:11     | Killed Gastronok
 20278 | D:11     | Reached XP level 12. HP: 62/62 MP: 0/27
 20774 | D:11     | Reached *** piety under Hepliaklqana
 21071 | D:12     | Found a staircase to the Orcish Mines.
 21326 | D:12     | Found an iron altar of Okawaru.
 21656 | D:12     | Noticed a two-headed ogre
 21660 | D:12     | Killed a two-headed ogre
 21661 | D:12     | Reached skill level 10 in Spellcasting
 21661 | D:12     | Reached skill level 7 in Fire Magic
 22022 | D:12     | Acquired the +3 cloak of Analysis {Rampage Str+2}
 22348 | Lair:1   | Entered Level 1 of the Lair of Beasts
 22515 | Lair:1   | Found a gate leading to a gauntlet.
 22531 | Lair:1   | Reached **** piety under Hepliaklqana
 22678 | Gauntlet | Entered a Gauntlet
 22678 | Gauntlet | Found a transporter.
 22678 | Gauntlet | Found a transporter.
 22679 | Gauntlet | Found a transporter.
 22679 | Gauntlet | Found a transporter.
 22682 | Gauntlet | Found a transporter.
 22692 | Gauntlet | Found a transporter.
 22702 | Gauntlet | Found a transporter.
 22707 | Gauntlet | Found a transporter.
 22713 | Gauntlet | Found a transporter.
 22733 | Gauntlet | Found a transporter.
 22739 | Gauntlet | Found a transporter.
 22756 | Gauntlet | Found a transporter.
 22949 | Gauntlet | Identified the +2 pair of gloves "Qopni" {rElec Dex+2}
 23024 | Gauntlet | Identified the +1 hat "Yzxa" {Str+2}
 23049 | Gauntlet | Noticed a minotaur
 23103 | Lair:1   | Killed a minotaur
 23104 | Lair:1   | Reached skill level 8 in Fire Magic
 24073 | Lair:1   | Identified the +0 chain mail of the Shining One's Hope
                  | {rElec}
 25030 | Lair:2   | Noticed an eight-headed hydra
 25034 | Lair:2   | Killed an eight-headed hydra
 25035 | Lair:2   | Reached skill level 9 in Fire Magic
 25035 | Lair:2   | Reached XP level 13. HP: 68/68 MP: 8/29
 25250 | Lair:2   | Reached ***** piety under Hepliaklqana
 26173 | Lair:3   | Learned a level 5 spell: Summon Forest
 26202 | Lair:3   | Found a staircase to the Shoals.
 26386 | Lair:2   | Reached skill level 1 in Summonings
 26386 | Lair:2   | Reached skill level 1 in Translocations
 26531 | Lair:2   | Reached skill level 1 in Invocations
 26531 | Lair:2   | Reached skill level 1 in Evocations
 26616 | Lair:2   | Reached skill level 5 in Shields
 27541 | Lair:3   | Reached skill level 10 in Fire Magic
 27715 | Lair:3   | Noticed Fannar
 27883 | Lair:3   | Found a hole to the Spider Nest.
 28422 | Lair:3   | Killed Fannar
 28532 | Lair:4   | Identified the +4 ring mail of the Hart {rN+ Will+ Str+2}
 28539 | Lair:4   | Noticed Sonja
 28543 | Lair:4   | Killed Sonja
 29878 | Lair:5   | Entered Level 5 of the Lair of Beasts
 29884 | Lair:5   | Reached XP level 14. HP: 62/73 MP: 20/31
 30316 | Lair:4   | Reached skill level 10 in Air Magic
 30466 | Lair:4   | Reached skill level 5 in Translocations
 30554 | Lair:5   | Reached skill level 5 in Summonings
 31416 | Lair:5   | Reached skill level 11 in Fire Magic
 31778 | Lair:5   | Found a staircase to the Slime Pits.
 31853 | Lair:5   | Learned a level 2 spell: Blink
 32380 | Lair:5   | Identified the ring of Satyriasis {rN+ MP+9 Slay+2}
 34025 | Orc:1    | Entered Level 1 of the Orcish Mines
 34039 | Orc:1    | Found Eloatokk's General Store.
 34054 | Orc:1    | Noticed Josephine
 34063 | Orc:1    | Killed Josephine
 34371 | Orc:1    | Bought a scroll of teleportation for 33 gold pieces
 34501 | Orc:2    | Entered Level 2 of the Orcish Mines
 35019 | Orc:2    | Upgraded the game from 0.30-a0-1085-g990a428a5c to
                  | 0.30-a0-1094-g860fb061e7
 35228 | Orc:2    | Reached XP level 15. HP: 51/79 MP: 1/32
 35473 | Orc:1    | Reached skill level 5 in Evocations
 35806 | Orc:1    | Reached skill level 5 in Invocations
 36306 | Orc:2    | Noticed Saint Roka
 36316 | Orc:2    | Killed Saint Roka
 36317 | Orc:2    | Reached skill level 12 in Fire Magic
 37045 | Orc:2    | Found a staircase to the Elven Halls.
 37904 | Orc:2    | Found Adul's Distillery.
 37904 | Orc:2    | Found Tuducle's Magic Scroll Shop.
 37905 | Orc:2    | Found Tuph's Antique Weapon Shop.
 37905 | Orc:2    | Found Ahuklaos's Antique Armour Shoppe.
 37915 | Orc:2    | Bought a scroll of immolation for 60 gold pieces
 38260 | Orc:2    | Bought a scroll of blinking for 112 gold pieces
 38260 | Orc:2    | Bought a scroll of fear for 60 gold pieces
 38260 | Orc:2    | Bought a scroll of blinking for 112 gold pieces
 38261 | Orc:2    | Bought a potion of resistance for 140 gold pieces
 38267 | Orc:2    | Learned a level 5 spell: Fireball
 38268 | Orc:2    | Bought a pair of masterwork boots for 266 gold pieces
 38268 | Orc:2    | Identified the +1 pair of boots "Yrukisob" {rN+} (You
                  | bought it in a shop on level 2 of the Orcish Mines)
 38268 | Orc:2    | Bought a tattered robe for 159 gold pieces
 38268 | Orc:2    | Identified the +1 robe "Mimiw" {Dex+10 SInv} (You bought it
                  | in a shop on level 2 of the Orcish Mines)
 38541 | D:4      | Bought the +2 pair of slick slippers {slick, slippery,
                  | EV+4} for 421 gold pieces
 38541 | D:4      | Found the +2 pair of slick slippers {slick, slippery, EV+4}
 38791 | D:13     | Reached ****** piety under Hepliaklqana
 38987 | D:13     | Found a runed translucent door.
 39461 | D:13     | Found a portal to a secret trove of treasure.
 40302 | D:14     | Found a gate to the Vaults.
 40936 | D:14     | Noticed Rupert
 40941 | D:14     | Killed Rupert
 41066 | D:14     | Found Jeffuisi's Assorted Antiques.
 41069 | D:14     | Found a bloodstained altar of Trog.
 41075 | D:14     | Bought a scroll of blinking for 157 gold pieces
 41264 | D:14     | Found Veogig's Distillery.
 41277 | D:14     | Reached XP level 16. HP: 84/84 MP: 23/33
 41347 | D:14     | Bought a potion of heal wounds for 60 gold pieces
 41347 | D:14     | Bought a potion of invisibility for 96 gold pieces
 41347 | D:14     | Bought a potion of heal wounds for 60 gold pieces
 41347 | D:14     | Bought 2 potions of invisibility for 192 gold pieces
 41437 | D:15     | Entered Level 15 of the Dungeon
 41661 | D:15     | Noticed Kirke
 41669 | D:15     | Killed Kirke
 42422 | D:15     | Reached skill level 13 in Fire Magic
 42952 | D:15     | Found a staircase to the Depths.
 43507 | Shoals:1 | Entered Level 1 of the Shoals
 44845 | Shoals:1 | Noticed a kraken
 44853 | Shoals:1 | Killed a kraken
 46419 | Shoals:2 | Found Ugaraetut's Antique Weapon Shoppe.
 47222 | Shoals:3 | Noticed Ilsuiw
 47795 | Shoals:3 | Reached skill level 10 in Evocations
 47897 | Shoals:3 | Reached XP level 17. HP: 90/90 MP: 2/34
 48260 | Shoals:3 | Reached skill level 10 in Invocations
 48391 | Shoals:3 | Killed Ilsuiw
 48985 | Shoals:4 | Entered Level 4 of the Shoals
 48985 | Shoals:4 | Found Retiaw's Distillery.
 49281 | Shoals:4 | Identified the +9 glaive of Qelouz {heavy, rC++ Will+}
 49281 | Shoals:4 | Identified the +5 scale mail "Teral" {rN+}
 49452 | Shoals:4 | Found a burning altar of Makhleb.
 49456 | Shoals:4 | Identified the +3 dagger "Bol Cyih" {flame, *Rage rElec
                  | Dex+4 SInv}
 50262 | Shoals:4 | Reached skill level 14 in Fire Magic
 50905 | Shoals:4 | Identified the +6 plate armour of Inuoruxto {rN+ Str+5}
 51187 | Shoals:4 | Found a broken altar of Ashenzari.
 51230 | Shoals:4 | Bought a potion of heal wounds for 55 gold pieces
 51230 | Shoals:4 | Bought a potion of mutation for 88 gold pieces
 51230 | Shoals:4 | Bought a potion of haste for 110 gold pieces
 51776 | Shoals:4 | Got a barnacled rune of Zot
 52252 | Shoals:4 | Identified the +2 robe of Evolution {*Slow rPois rF+ rCorr}
 52429 | Spider:1 | Entered Level 1 of the Spider Nest
 53246 | Spider:1 | Reached skill level 10 in Fighting
 55253 | Spider:2 | Reached XP level 18. HP: 97/97 MP: 11/35
 56430 | Spider:2 | You fall into a shaft and drop 1 floor!
 56678 | Spider:3 | Found a runed translucent door.
 56679 | Spider:3 | Noticed zazu2006's ghost (adept NaHW)
 57413 | Spider:3 | Killed zazu2006's ghost
 57489 | Spider:4 | Entered Level 4 of the Spider Nest
 58952 | Spider:4 | Reached skill level 15 in Fire Magic
 60131 | Spider:4 | Got a gossamer rune of Zot
 60611 | Vaults:1 | Entered Level 1 of the Vaults
 61618 | Vaults:1 | Found Gaahiy's Antique Weapon Shop.
 62738 | Vaults:1 | Reached XP level 19. HP: 78/102 MP: 27/36
 64310 | Vaults:2 | Found Mer Ysm's Assorted Antiques.
 64319 | Vaults:2 | Found Aricaroc's General Store.
 64326 | Vaults:2 | Reached skill level 16 in Fire Magic
 64433 | Vaults:2 | Bought a potion of heal wounds for 190 gold pieces
 64433 | Vaults:2 | Bought a scroll of teleportation for 114 gold pieces
 64451 | Vaults:2 | Bought a potion of magic for 304 gold pieces
 64683 | Vaults:2 | Found Dodicrunn's Book Emporium.
 64959 | Vaults:2 | Found Xutunes's Assorted Antiques.
 66192 | Vaults:3 | Found a crumbling gateway.
 66192 | Vaults:3 | You fall into a shaft and drop 1 floor!
 66421 | Desolati | Entered the Desolation of Salt
 66826 | Vaults:3 | Found Wuge's Armour Shop.
 67695 | Vaults:3 | Reached skill level 17 in Fire Magic
 68236 | Vaults:3 | Found a staircase to the Crypt.
 68236 | Vaults:3 | Found an ancient bone altar of Kikubaaqudgha.
 68237 | Vaults:3 | Found a basalt altar of Yredelemnul.
 68288 | Vaults:3 | Reached XP level 20. HP: 108/108 MP: 14/37
 69337 | Vaults:4 | Reached skill level 10 in Dodging
 71386 | Elf:1    | Entered Level 1 of the Elven Halls
 71396 | Elf:1    | Paralysed by an air elemental for 1 turns
 71939 | Elf:1    | Found a radiant altar of Vehumet.
 72123 | Elf:1    | Reached skill level 18 in Fire Magic
 72289 | Elf:1    | Found Geruhav's Magic Scroll Shoppe.
 72818 | Elf:2    | Reached skill level 15 in Air Magic
 73458 | Elf:2    | Found a runed translucent gate.
 73459 | Elf:2    | Found a runed translucent gate.
 73459 | Elf:2    | Found a runed translucent gate.
 73994 | Elf:2    | Acquired 743 gold pieces
 74347 | Elf:2    | Found a radiant altar of Vehumet.
 74449 | Elf:2    | Noticed Agnes
 74729 | Elf:2    | Killed Agnes
 75861 | Vaults:2 | Bought runed acid dragon scales for 1892 gold pieces
 76004 | Depths:1 | Entered Level 1 of the Depths
 76010 | Depths:1 | Reached XP level 21. HP: 115/115 MP: 17/38
 76294 | Depths:1 | Found a gateway to Hell.
 76847 | Depths:1 | Noticed Dedet's ghost (veteran GrRe)
 76847 | Depths:1 | Found a runed translucent gate.
 76847 | Depths:1 | Found a runed translucent gate.
 76848 | Depths:1 | Found a runed translucent gate.
 76887 | Depths:1 | Reached skill level 19 in Fire Magic
 77537 | Depths:1 | Found a runed translucent door.
 77663 | Depths:1 | Noticed a caustic shrike
 77667 | Depths:1 | Noticed a golden dragon
 78475 | Depths:2 | Identified the +1 great sword of Prudence {freeze, Int+5}
 78482 | Depths:2 | Found Big Baal Hell's Store.
 80955 | Depths:2 | Found a one-way gate leading to the halls of Pandemonium.
 81080 | Depths:3 | Reached skill level 10 in Shields
 81377 | Depths:3 | Identified the +0 robe of Past Mistakes {Int+4}
 81780 | Depths:3 | Reached skill level 20 in Fire Magic
 82906 | Depths:3 | Found a one-way gate to the infinite horrors of the Abyss.
 83087 | Depths:3 | Found a runed translucent door.
 83488 | Depths:3 | Found a runed translucent door.
 83489 | Depths:3 | Noticed a juggernaut
 83573 | Depths:4 | Entered Level 4 of the Depths
 83579 | Depths:4 | Noticed a caustic shrike
 83582 | Depths:4 | Killed a caustic shrike
 83583 | Depths:4 | Reached XP level 22. HP: 115/121 MP: 15/39
 83587 | Depths:4 | Noticed a caustic shrike
 83591 | Depths:4 | Noticed a caustic shrike
 83759 | Depths:4 | Found a hazy altar of Hepliaklqana.
 85012 | Depths:4 | Found a gate to the Realm of Zot.
 85012 | Depths:4 | Noticed a golden dragon
 85020 | Depths:4 | Killed a golden dragon
 85299 | Depths:4 | Found a one-way gateway to a ziggurat.
 85502 | Depths:4 | Found Havoqiw's Armour Emporium.
 85504 | Depths:4 | Found Viegaclix's Armour Shoppe.
 85507 | Depths:4 | Found Qomadako's Assorted Antiques.
 85511 | Depths:4 | Noticed a golden dragon
 85517 | Depths:4 | Killed a golden dragon
 85793 | Depths:4 | Noticed a caustic shrike
 85796 | Depths:4 | Killed a caustic shrike
 85797 | Depths:4 | Killed a caustic shrike
 85803 | Depths:4 | Killed a caustic shrike
 86956 | Depths:1 | Killed Dedet's ghost
 87122 | Depths:1 | Identified the +2 pair of boots of the Spheres {rF- Int+5
                  | Stlth+}
 87201 | Depths:1 | Killed a caustic shrike
 87207 | Depths:1 | Killed a golden dragon
 87448 | Depths:1 | Reached skill level 21 in Fire Magic
 87848 | Depths:1 | Paralysed by a floating eye for 4 turns
 88755 | Depths:3 | Identified the +1 trident "Syaron" {freeze, rF+}
 89176 | Slime:1  | Entered Level 1 of the Pits of Slime
 90694 | Slime:3  | Gained mutation: You occasionally lose the ability to drink
                  | potions when taking damage. [a shining eye]
 91375 | Slime:4  | Gained mutation: You occasionally shout uncontrollably at
                  | your foes. [a shining eye]
 91377 | Slime:4  | Gained mutation: You are vulnerable to cold. (rC-) [a
                  | shining eye]
 91379 | Slime:4  | Lost mutation: You occasionally lose the ability to drink
                  | potions when taking damage. [potion of mutation]
 91379 | Slime:4  | Lost mutation: You are vulnerable to cold. (rC-) [potion of
                  | mutation]
 91379 | Slime:4  | Lost mutation: You occasionally shout uncontrollably at
                  | your foes. [potion of mutation]
 91379 | Slime:4  | Gained mutation: Your spells are a little harder to cast,
                  | but a little more powerful. [potion of mutation]
 91939 | Slime:5  | Entered Level 5 of the Pits of Slime
 91943 | Slime:5  | Paralysed by a great orb of eyes for 2 turns
 93427 | Slime:5  | Reached XP level 23. HP: 127/127 MP: 19/40
 93925 | Slime:5  | Noticed the Royal Jelly
 94036 | Slime:5  | Gained mutation: Armour fits poorly on your strangely
                  | shaped body. [a shining eye]
 95469 | Slime:5  | Killed the Royal Jelly
 95470 | Slime:5  | Reached skill level 22 in Fire Magic
 96001 | Slime:5  | Found the +9 sword of Zonguldrok {reap}
 96003 | Slime:5  | Identified the staff of poison "Denecel" {rElec rPois rF+++
                  | Dex-2 Stlth-}
 96010 | Slime:5  | Identified the +3 scale mail "Ytang" {rF+++ rCorr Slay-4
                  | Stlth-}
 96032 | Slime:5  | Got a slimy rune of Zot
 96038 | Slime:5  | Identified the staff of conjuration "Jaavviz" {rCorr Str+3
                  | Int+6 Stlth-}
 96044 | Slime:5  | Identified the +1 robe "Ojawn" {Str+3}
 96097 | Slime:5  | Identified the ring "Synietyc" {rPois Will+ MP+9}
 96114 | Slime:5  | Identified the amulet "Qezog" {Will+ Regen+}
 96145 | Slime:5  | Found the +5 demon whip "Spellbinder" {antimagic, disrupt,
                  | Will+}
 96151 | Slime:5  | Got the Elucidation of Grit and the Sphinx
 96163 | Slime:5  | Identified the staff of poison "Miurphyx" {rPois Str+5}
 96663 | Elf:3    | Entered Level 3 of the Elven Halls
 96980 | Elf:3    | Reached skill level 15 in Dodging
 97326 | Elf:3    | Identified the ring "Noemed" {rPois SInv}
 97839 | Elf:3    | Identified the amulet "Lupod" {Reflect rC+ Dex+3 SH+5}
 98544 | Elf:3    | Acquired 962 gold pieces
 98609 | Elf:3    | Got the Papyrus of Feculent Excavation
 98626 | Elf:3    | Identified the +4 scale mail "Vasch" {*Corrode Will++}
 98785 | Elf:3    | Found Sexzydd's Jewellery Shop.
 99872 | Vaults:5 | Entered Level 5 of the Vaults
100047 | Vaults:5 | HP: 6/127 [stone giant/large rock (21)]
100097 | Vaults:5 | Noticed a dread lich
100110 | Vaults:5 | Killed a dread lich
100169 | Vaults:5 | Reached skill level 23 in Fire Magic
100293 | Vaults:5 | Noticed an ancient lich
100299 | Vaults:5 | Killed an ancient lich
100483 | Vaults:5 | Noticed a dread lich
100507 | Vaults:5 | Killed a dread lich
100512 | Vaults:5 | Identified the +3 rapier of Xiteirche {freeze, Dex+3}
100527 | Vaults:5 | HP: 5/127 [vault warden/the +3 rapier of Xiteirche {freeze,
                  | Dex+3} (2)]
100528 | Vaults:5 | Demolished by a vault warden

Illustrated notes

Levels and vault maps discovered:
D:1:      saegor_arrival_under_anarchy, layout_basic
D:2:      layout_loops_ring, serial_rivers, chequers_serial_rivers_room_b,
          chequers_serial_rivers_large_b, chequers_serial_rivers_marsh,
          chequers_serial_rivers_small_a
D:3:      minmay_inner_zag, layout_rooms, small_statue_intersection,
          minmay_fractal_squares_5, uniq_terence
D:4:      layout_cave_pools, nemelex_spade_bored_becter,
          minmay_temple_entry_offerings, serial_shops, nicolae_shop_tiny_glass
D:5:      layout_basic, jmf_multi_god_temple2, nrook_campfire
D:6:      layout_cave_pods, nicolae_dithmenos_shadow_blocks, old_standard_altar,
          minmay_manual_monstrance
D:7:      minmay_the_grid_octo_tiled_squarecenter [minmay_the_grid_octo_teeth,
          minmay_the_grid_octo_tetromino_candy, minmay_the_grid_octo_shrine,
          minmay_the_grid_octo_empty,
          minmay_the_grid_square_5x5_megaprize_crossed,
          minmay_the_grid_square_5x5_two, minmay_the_grid_square_5x5_mess,
          minmay_the_grid_square_5x5_three_small,
          minmay_the_grid_square_5x5_three_walls], layout_layer_cave,
          mainiacjoe_overflow_divided_tiny, enter_bailey_5
D:8:      layout_basic, lair_entry_dummy, serial_shops,
          nicolae_shop_statue_plus, minmay_between
D:9:      layout_roguey, grunt_temple_overflow_open, serial_curves,
          eino_curves_03, eino_curves_03
D:10:     layout_stronghold, nicolae_shop_self_help
D:11:     layout_basic, uniq_psyche, uniq_erolcha, uniq_gastronok
D:12:     layout_loops_corners, orc_0_dummy, okawaru_gym_becter
D:13:     cheibrodos_shockbox, layout_stronghold, nicolae_trove_entry_crystal,
          hex_large
D:14:     layout_big_octagon, lightli_vaults_fourway_checkpoint, serial_shops,
          shop, nicolae_shop_behind_doors, bloody_trog, uniq_rupert
D:15:     grunt_enter_depths_magical_seal, layout_basic, minmay_misc_feat_alley,
          uniq_kirke
Temple:   chequers_temple_sunken
Lair:1:   beast_lair_carwin_large_4, layout_long_grid, gauntlet_entry_generic,
          serial_bayou_shore_b, serial_bayou_shore_b
Lair:2:   layout_gridlike, beast_lair_carwin_10, grunt_megastairs_3
Lair:3:   layout_gridlike, elwin_shoals_entry_rocks,
          spider_nest_entry_web_field, serial_bayou_pond_e,
          cheibrodos_lair_lostbears, uniq_fannar
Lair:4:   layout_roguey, serial_bayou_shore_a, serial_bayou_shore_b, uniq_sonja
Lair:5:   due_jungle_book, layout_big_grid, slime_entry_1,
          dreamdust_gnoll_shepherd, grunt_megastairs_1,
          infiniplex_staircase_pool_2
Shoals:1: layout_shoals, ldierk_geyser
Shoals:2: layout_shoals, serial_shops, shop
Shoals:3: layout_shoals, uniq_ilsuiw
Shoals:4: shoals_end_simple, layout_shoals, serial_shops, nicolae_shop_trees,
          hangedman_feature_mirror
Spider:1: layout_spider_delve, nicolae_spider_twisty_arc_passages
Spider:2: nicolae_spider_obnoxious_hallway, drop_trap, nicolae_spider_bug_shape
Spider:3: layout_spider_delve, gammafunk_ghost_grave, nicolae_spider_cling_halls
Spider:4: hellmonk_spider_rune_endless_swarm
Slime:1:  layout_caves
Slime:2:  layout_caves
Slime:3:  layout_caves, nicolae_slime_barrier
Slime:4:  layout_caves
Slime:5
Orc:1:    layout_diamond_mine, serial_shops, shop, elf_legates, uniq_josephine
Orc:2:    st_orc_ogre_mass, layout_diamond_mine, basic_altar,
          david_defended_altar_orc, uniq_saint_roka
Elf:1:    layout_gridlike, basic_altar, serial_glass, glass_columns_a,
          glass_columns_a, serial_shops, shop, kennysheep_underground_church,
          wad_floor_pattern_1, minmay_misc_feat_diagonals
Elf:2:    elven_hall_of_blades_hangedman_original [nicolae_blade_tridents],
          layout_geoelf_diagonals, basic_altar, hangedman_corner_corridor,
          uniq_agnes
Elf:3:    minmay_elf_hall_hex, layout_gridlike, serial_shops,
          nicolae_shop_gaudy_bauble
Vaults:1: vaults_mumra_minichess, v_misc_1, vaults_room_corners,
          nicolae_vaults_mini_display_case,
          vaults_standard_mumra_enter_the_diamond,
          vaults_room_grunt_arrival_ludios, vaults_dpeg_emergency_exit,
          layout_vaults_omnigrid, serial_shops, shop
Vaults:2: nicolae_vaults_network_periphery, v_rooms_4, ontoclasm_vaults_fault,
          hangedman_vaults_snaps, v_alt_pattern_5,
          nicolae_vaults_little_squares_6, nicolae_vaults_yaktaur_gun_rack,
          v_misc_33, v_misc_8, ontoclasm_vaults_shuriken,
          ontoclasm_vaults_pinch, nicolae_vaults_little_squares_1,
          layout_vaults_big_room, serial_shops, nicolae_shop_mannequins, shop,
          nicolae_shop_advertising_works [nicolae_subvault_shop_adworks],
          nicolae_shop_window_shopping
Vaults:3: portal_desolation_entry_twin_temple, minmay_crypt_entry_necro_gods,
          nicolae_vaults_know_your_exits, v_misc_16, grunt_vaults_hallway_short,
          v_pattern_5, nicolae_vaults_border_crossing, ontoclasm_vaults_chip,
          layout_vaults_ring, serial_shops, nicolae_shop_stone
Vaults:4: nicolae_vaults_rhombus_5, hangedman_vaults_nodes,
          hangedman_vaults_stitches, nicolae_vaults_little_ls,
          ontoclasm_vaults_ring_large, v_misc_23,
          vaults_standard_mumra_enter_the_diamond,
          nicolae_vaults_lopsided_apartments, hangedman_vaults_corner,
          nicolae_vaults_diagonal_hallway_6, vaults_room_door_hall,
          vaults_dpeg_hooks, hangedman_vaults_cutoff, vaults_room_semicircle,
          vaults_room_hallway, layout_vaults_maze_snakey
Vaults:5
Depths:1: minmay_bloctagon, layout_cave_shapes, gammafunk_ghost_split,
          hell_entry, lightli_gold_pyramid
Depths:2: kennysheep_windowed_halls, layout_cave_pools, rand_demon_pan_entry_9,
          kennysheep_nub, nicolae_hell_entry_big_baal_hell,
          minmay_misc_feat_encased, minmay_guarded_unrand_curses,
          infiniplex_staircase_river
Depths:3: thingy_vault_2, layout_honeycomb, nicolae_hexahallways, hell_entry,
          abyss_entry, minmay_misc_feat_square, hangedman_decor_opposing,
          minmay_staircase_bubble
Depths:4: grunt_zot_entry_funnels, layout_gridlike, enter_ziggurat_f,
          grunt_hell_entry_dis_mu, worldfamousw_hep_ancestral_shrine,
          serial_bayou_shore_b, minmay_shop_star

Skill      XL: |  1  2  3  4  5  6  7  8  9 10 11 12 13 14 15 16 17 18 19 20 21 22 23 |
---------------+----------------------------------------------------------------------+-----
Conjurations   | 2 3 4 5 6 7 |  7.0
Stealth        | 3 4 5 6 7 |  7.7
Fighting       | 1 2 3 4 5 6 7 8 9 10 11 12 13 14 | 14.0
Air Magic      | 4 5 6 7 8 9 10 11 12 13 14 15 16 17 18 | 18.3
Spellcasting   | 4 5 6 7 8 9 10 11 13 | 13.6
Hexes          | 2 4 7 8 |  8.7
Ice Magic      | 1 4 5 7 |  7.2
Fire Magic     | 2 6 9 10 11 12 13 14 15 17 18 20 21 23 | 23.2
Dodging        | 3 5 7 9 11 13 14 16 | 16.0
Shields        | 1 3 4 5 6 7 9 10 11 | 11.1
Summonings     | 4 7 8 |  8.6
Translocations | 4 7 8 |  8.8
Invocations    | 3 4 6 9 12 14 | 14.0
Evocations     | 3 4 6 10 12 14 | 14.0

Action                     |  1- 3 |  4- 6 |  7- 9 | 10-12 | 13-15 | 16-18 | 19-21 | 22-24 || total
---------------------------+-------+-------+-------+-------+-------+-------+-------+-------++-------
  Melee: Unarmed           |     7 |       |       |       |       |       |       |       ||     7
         Dagger            |     4 |     1 |       |       |       |       |       |       ||     5
         Staff             |       |       |       |    17 |    62 |   158 |   160 |    87 ||   484
   Cast: Shock             |    81 |    95 |   136 |   110 |    91 |     5 |       |       ||   518
         Static Discharge  |     8 |     6 |       |     9 |       |       |       |       ||    23
         Airstrike         |       |     9 |    99 |   286 |   403 |   597 |   546 |   483 ||  2423
         Swiftness         |       |       |     2 |     3 |     4 |     1 |     3 |     5 ||    18
         Plasma Beam       |       |       |       |       |   122 |   211 |   278 |   153 ||   764
         Fireball          |       |       |       |       |       |    11 |       |    19 ||    30
         Summon Forest     |       |       |       |       |       |     6 |       |     2 ||     8
         Blink             |       |       |       |       |       |     2 |     2 |     6 ||    10
         Metabolic Englaci |       |       |       |       |       |     1 |       |       ||     1
 Invoke: Recall Ancestor   |       |       |       |     4 |    12 |    11 |     3 |     9 ||    39
         Ancestor Life: Ba |       |       |       |     1 |       |       |       |       ||     1
         Idealise          |       |       |       |       |     1 |       |       |     1 ||     2
         Ancestor Identity |       |       |       |       |       |     1 |       |       ||     1
Ability: Evoke the Staff o |       |       |       |    34 |    22 |     4 |     2 |     1 ||    63
  Evoke: Wand              |       |       |     3 |    12 |       |    17 |     2 |    31 ||    65
         Phantom mirror    |       |       |       |     1 |     2 |     1 |     2 |     3 ||     9
         Box of beasts     |       |       |       |       |     1 |     2 |       |     3 ||     6
         Lightning rod     |       |       |       |       |       |     2 |     3 |       ||     5
    Use: Potion            |     1 |       |       |     5 |       |     6 |     7 |    31 ||    50
         Scroll            |       |     2 |     5 |    18 |    12 |     9 |    10 |    17 ||    73
   Stab: Distracted        |       |       |       |       |     4 |     3 |     3 |     2 ||    12
         Sleeping          |       |       |       |       |       |       |     1 |     1 ||     2
 Armour: Robe              |     6 |     2 |     1 |       |       |       |       |       ||     9
         Acid dragon scale |       |       |     5 |    30 |    75 |   134 |    51 |    62 ||   357
  Dodge: Dodged            |    20 |     7 |    29 |    55 |   120 |   288 |   166 |   179 ||   864
  Block: Buckler           |       |       |       |    12 |    86 |   170 |   106 |   113 ||   487

Table legend: (Time is in decaauts)
 A = Elapsed time spent in this place.
 B = Non-inter-level travel time spent in this place.
 C = Inter-level travel time spent in this place.
 D = Time resting spent in this place.
 E = Time spent auto-exploring this place.
 F = Levels seen in this place.
 G = Mean time per level.
                   A        B        C        D        E       F      G
               +--------+--------+--------+--------+--------+-----+--------+
         Total | 100715 |  93864 |   6851 |  13520 |  68108 |  51 | 1974.8 |
       Dungeon |  27498 |  24538 |   2960 |   3280 |  18656 |  15 | 1833.2 |
        Temple |     77 |     65 |     12 |      0 |     57 |   1 |   77.0 |
          Lair |  11355 |  10340 |   1015 |   1821 |   7103 |   5 | 2271.0 |
        Shoals |   8884 |   8491 |    393 |    996 |   6686 |   4 | 2221.0 |
   Spider Nest |   7963 |   7638 |    325 |   1144 |   5498 |   4 | 1990.8 |
    Slime Pits |   7159 |   6915 |    244 |   1998 |   3917 |   5 | 1431.8 |
  Orcish Mines |   4474 |   3898 |    576 |    220 |   3160 |   2 | 2237.0 |
   Elven Halls |   7178 |   6943 |    235 |    602 |   5612 |   3 | 2392.7 |
        Vaults |  11508 |  10846 |    662 |    930 |   8211 |   5 | 2301.6 |
        Depths |  11952 |  11527 |    425 |   1740 |   8286 |   4 | 2988.0 |
        Bailey |   2203 |   2203 |      0 |    729 |    856 |   1 | 2203.0 |
    Desolation |     27 |     27 |      0 |      0 |      0 |   1 |   27.0 |
      Gauntlet |    432 |    432 |      0 |     57 |     63 |   1 |  432.0 |
               +--------+--------+--------+--------+--------+-----+--------+

Top non-repeatable levels by time:
     D:7: 3437 daAuts
Depths:2: 3182 daAuts
Depths:1: 3055 daAuts
Depths:4: 2939 daAuts
Vaults:2: 2936 daAuts
   Elf:2: 2906 daAuts
Spider:1: 2849 daAuts
   Elf:3: 2844 daAuts
Vaults:1: 2812 daAuts
Vaults:3: 2808 daAuts
Depths:3: 2775 daAuts
  Lair:4: 2733 daAuts
  Lair:5: 2704 daAuts
Shoals:3: 2687 daAuts
   Orc:2: 2504 daAuts
